 Dungeon Crawl Stone Soup version 0.21.1-1-g345015f (webtiles) character file.

18 glosham the Charlatan (level 2, 0/18 HPs)
             Began as a Kobold Artificer on May 25, 2018.
             Slain by a giant cockroach (2 damage)
             ... on level 3 of the Dungeon.
             The game lasted 00:07:09 (415 turns).

glosham the Charlatan (Kobold Artificer)             Turns: 415, Time: 00:07:10

Health: 0/18       AC:  3    Str:  9    XL:     2   Next: 90%
Magic:  4/4        EV: 14    Int: 12    God:
Gold:   19         SH:  0    Dex: 15    Spells: 1/1 levels left

rFire    . . .     SeeInvis .   a - +0 short sword
rCold    . . .     Gourm    .   (shield restricted)
rNeg     + . .     Faith    .   b - +0 leather armour
rPois    .         Spirit   .   (no helmet)
rElec    .         Reflect  .   (no cloak)
rCorr    .         Harm     .   (no gloves)
MR       .....                  (no boots)
Stlth    ++........             (no amulet)
HPRegen  0.06/turn              A - ring of positive energy
MPRegen  0.09/turn              (no ring)

@: no status effects
A: small, carnivore
a: no special abilities


You were on level 3 of the Dungeon.
You were completely stuffed.

You visited 1 branch of the dungeon, and saw 3 of its levels.

You collected 19 gold pieces.

Inventory:

Hand Weapons
 a - a +0 short sword (weapon)
Missiles
 j - 20 bolts
 k - 11 stones (quivered)
Armour
 b - a +0 leather armour (worn)
 l - a +0 ring mail
Jewellery
 A - a ring of positive energy (left hand)
Wands
 c - a wand of flame (13)
 d - a wand of enslavement (11)
 e - a wand of random effects (12)
Scrolls
 g - a scroll of magic mapping {unknown}
 h - a scroll of identify {unknown}
 i - a scroll of remove curse {unknown}
Comestibles
 f - 2 rations


   Skills:
 * Level 2.9 Fighting
 - Level 1.3 Short Blades
 - Level 2.4 Dodging
 - Level 1.3 Stealth
 - Level 3.6 Evocations


You had one spell level left.
You didn't know any spells.

Dungeon Overview and Level Annotations

Branches:
Dungeon (3/15)

Altars:


Innate Abilities, Weirdness & Mutations

You are small and have problems with some larger weapons.
You are carnivorous and can eat meat at any time.


Message History

Aim: a hobgoblin, wielding a club The puff of flame hits the hobgoblin.
The hobgoblin is heavily wounded.
The hobgoblin misses you.
Evoke which item? (* to show all) (? for menu, Esc to quit)
Aiming: Throw Flame
Press: ? - help, Shift-Dir - straight line, f/p - hobgoblin
Aim: a hobgoblin, wielding a club (heavily wounded)
The puff of flame hits the hobgoblin.
You kill the hobgoblin!
Things that are here:
a club; a hobgoblin corpse You butcher the hobgoblin corpse.
Things that are here:
a club; 2 chunks of flesh Eat one of 2 chunks of flesh? (ye/n/q)
You eat one of the 2 chunks of flesh.
This raw flesh tastes great.
Eat a chunk of flesh? (ye/n/q)
You eat the chunk of flesh.
This raw flesh tastes great.
Things that are here:
a dagger; a goblin corpse
Found 11 stones.
You see here 11 stones.
k - 11 stones
Found a ring mail.
A giant cockroach comes into view.
You see here a ring mail.
l - a ring mail You hit the giant cockroach.
The giant cockroach is moderately wounded.
The giant cockroach bites you.
* * * LOW HITPOINT WARNING * * *
Your leather armour prevents you from hitting the giant cockroach.
The giant cockroach is moderately wounded.
The giant cockroach bites you.
* * * LOW HITPOINT WARNING * * *
You hit the giant cockroach.
The giant cockroach is heavily wounded.
The giant cockroach bites you.
You die...

##.####### ##+##
#...# #.#### #.
#...# #....# #.
#...# ####.#
###.#### ##.## #
#......# #.# #...
..########.# ...
#.##.......#
####.#.##.##.#######
......s@.....#
####.#.##.#### #.
#.# #. #.# .. ..# #.
### #. #.


You could see a giant cockroach.

Vanquished Creatures
  2 bats (D:1)
  2 goblins (D:1)
  4 hobgoblins
  3 jackals
  A kobold (D:1)
  A rat (D:1)
13 creatures vanquished.

Vanquished Creatures (collateral kills)
  A dart slug (D:3)
  A bat (D:2)
  A goblin (D:3)
3 creatures vanquished.

Vanquished Creatures (others)
  An adder (D:3)
1 creature vanquished.

Grand Total: 17 creatures vanquished

Notes
Turn   | Place    | Note
-------+----------+-------------------------------------------
     0 | D:1      | glosham the Kobold Artificer began the quest for the Orb.
     0 | D:1      | Reached XP level 1. HP: 12/12 MP: 3/3
   121 | D:1      | Reached skill level 2 in Fighting
   121 | D:1      | Reached XP level 2. HP: 17/17 MP: 4/4
   342 | D:3      | HP: 1/18 [hobgoblin/club (1)]
   415 | D:3      | Slain by a giant cockroach

Skill      XL: |  1 |
---------------+----+-----
Fighting       | 2 |  2.9
Short Blades   | |  1.3
Dodging        | |  2.4
Stealth        | |  1.3
Evocations     | |  3.6

Action                   || total
-------------------------++-------
Melee: Short sword       ||    66
Evoke: Wand              ||     9
  Eat: Chunk             ||     7
Armor: Leather armour    ||    18
Dodge: Dodged            ||    51

Table legend:
 A = Turns spent in this place as a percentage of turns spent in the entire game.
 B = Non-inter-level travel turns spent in this place as a percentage of non-inter-level travel turns spent in the entire game.
 C = Inter-level travel turns spent in this place as a percentage of turns spent in this place.
 D = Turns resting spent in this place as a percentage of non-inter-level travel turns spent in this place.
 E = Turns spent auto-exploring this place as a percentage of non-inter-level travel turns spent in this place.
 F = Non-inter-level travel turns spent in this place divided by the number of levels of this place that you've seen.
                   A       B       C       D       E      F
               +-------+-------+-------+-------+-------+----------------------
         Total | 100.0 | 100.0 |   0.0 |   0.0 |   0.0 | 138.3
       Dungeon | 100.0 | 100.0 |   0.0 |   0.0 |   0.0 | 138.3
               +-------+-------+-------+-------+-------+----------------------

Table legend:
 A = Kills in this place as a percentage of kills in entire the game.
 B = Kills by you in this place as a percentage of kills by you in the entire game.
 C = Kills by friends in this place as a percentage of kills by friends in the entire game.
 D = Other kills in this place as a percentage of other kills in the entire game.
 E = Experience gained in this place as a percentage of experience gained in the entire game.
 F = Experience gained in this place divided by the number of levels of this place that you have seen.
                   A       B       C       D       E      F
               +-------+-------+-------+-------+-------+----------------------
         Total | 100.0 | 100.0 | 100.0 |   N/A | 100.0 |   9.0
       Dungeon | 100.0 | 100.0 | 100.0 |   N/A | 100.0 |   9.0
               +-------+-------+-------+-------+-------+----------------------

Vault maps used:
D:1:      elethiomel_arrival_shortcut
D:2:      uniq_natasha
D:3:      first_ration, minmay_statues_item
